 Dungeon Crawl Stone Soup version 0.13.0-59-g13bd910 (webtiles) character file.

118 Chiseanne the Gusty (level 3, 0/31 HPs)
             Began as a Troll Air Elementalist on Nov 21, 2013.
             Killed from afar by Sigmund (3 damage)
             ... with a magic dart
             ... on Level 2 of the Dungeon.
             The game lasted 00:05:38 (1259 turns).

Chiseanne the Gusty (Troll Air Elementalist)        Turns: 1259, Time: 00:05:38

HP   0/31        AC  7     Str 16      XL: 3   Next: 46%
MP   2/5         EV  9     Int 17      God:
Gold 72          SH  0     Dex 10      Spells:  1 memorised,  3 levels left

Res.Fire  : . . .   See Invis. : .   q - +1 dwarf war axe
Res.Cold  : . . .   Warding    : .   a - +2 robe
Life Prot.: . . .   Conserve   : .   (shield restricted)
Res.Poison: .       Res.Corr.  : .   (helmet restricted)
Res.Elec. : .       Clarity    : .   (no cloak)
Sust.Abil.: . .     Spirit.Shd : .   (gloves unavailable)
Res.Mut.  : .       Stasis     : .   (boots unavailable)
Res.Rott. : .       Flight     : .   (no amulet)
Gourmand  : +                        (no ring)
                                     (no ring)

@: invisible, brilliant, very slightly contaminated, not resistant to hostile
enchantments, unstealthy
A: unfitting armour, claws 3, fast metabolism 3, gourmand, regeneration 2,
saprovore 2, tough skin 2, AC +1
a: no special abilities


You were on level 2 of the Dungeon.
You were not hungry.

You visited 1 branch of the dungeon, and saw 2 of its levels.

You collected 52 gold pieces.

Inventory:

Hand weapons
 i - a +0,+1 dagger of freezing
 q - a +1,+1 dwarven war axe (weapon)
Missiles
 p - 3 javelins (quivered)
Armour
 a - a +2 robe (worn)
 d - a +0 shield
Magical devices
 n - a wand of slowing (11)
Comestibles
 c - 3 meat rations
 g - 3 bananas
 l - a pear
 o - a bread ration
Scrolls
 e - 2 scrolls of identify {unknown}
 f - a scroll of teleportation {unknown}
 h - 2 scrolls of remove curse {unknown}
 j - a scroll of fog {unknown}
Potions
 k - 2 potions of brilliance
Books
 b - a book of Air

   Spells                             Type                      Level
   *Shock                             Conjuration/Air              1
   Swiftness                          Charms/Air                   2
   Repel Missiles                     Charms/Air                   2
   Flight                             Charms/Air                   3
   Static Discharge                   Conjuration/Air              3
   Lightning Bolt                     Conjuration/Air              5


   Skills:
 - Level 1.5 Dodging
 - Level 1.1 Stealth
 * Level 1.3 Spellcasting
 * Level 0.9 Conjurations
 * Level 2.7 Air Magic


You had 3 spell levels left.
You knew the following spells:

 Your Spells              Type           Power        Failure   Level  Hunger
a - Shock                 Conj/Air       ###.         1%          1    ##.....


Dungeon Overview and Level Annotations

Branches:
Dungeon (2/27)

Altars:

Annotations:
D:2 Sigmund


Innate Abilities, Weirdness & Mutations

You are too large for most types of armour.
You have claws for hands.
Your metabolism is lightning-fast.
You like to eat raw meat.
You heal very quickly.
You can eat rotten meat.
You are covered in fur (AC +1).
You have very tough skin (AC +2).


Message History

You barely miss Sigmund.
Sigmund is almost dead.
Sigmund is no longer moving slowly.
Sigmund gestures at you while chanting. The puff of flame hits you!
* * * LOW HITPOINT WARNING * * *
You barely miss Sigmund.
Sigmund is almost dead.
Sigmund barely misses you.
Drink which item? (? for menu, Esc to quit)
You feel more clever all of a sudden.
It was a potion of brilliance.
Sigmund closely misses you.
Drink which item? (? for menu, Esc to quit)
You fade into invisibility!
It was a potion of invisibility.
Sigmund closely misses you.
You barely miss Sigmund.
Sigmund is almost dead.
Sigmund casts a spell at you. The magic dart hits you!
You die...

<[........................
.....
##.#.#######.######......
....
.......................
#.#.####......####....
#.#.####......# .....
...$.......)..# ....
......$#....<.####......
..$..................... .
<...#.......@....##.#
####%[.....@........
#######.........
#.....#... #...>.# ..
#.....# ##..... ####.#


You could see Sigmund.

Vanquished Creatures
  Jessica (D:2)
  A giant gecko (D:2)
  A giant cockroach (D:1)
  4 hobgoblins
  3 kobolds
  6 bats
  3 giant newts
  5 goblins (D:1)
  5 rats
29 creatures vanquished.

Notes
Turn   | Place    | Note
--------------------------------------------------------------
     0 | D:1      | Chiseanne, the Troll Air Elementalist, began the quest for the Orb.
     0 | D:1      | Reached XP level 1. HP: 16/16 MP: 3/3
   287 | D:1      | Reached XP level 2. HP: 24/24 MP: 1/3
   866 | D:2      | Noticed Sigmund
   923 | D:2      | Noticed Jessica
   939 | D:2      | Killed Jessica
   939 | D:2      | Reached XP level 3. HP: 20/31 MP: 0/4
  1255 | D:2      | HP: 1/31 [Sigmund/puff of flame (9)]
  1259 | D:2      | Killed from afar by Sigmund

Action                   || total
-------------------------++-------
Melee: Unarmed           ||    27
       Dagger            ||    44
       War axe           ||    10
 Cast: Shock             ||    44
Evoke: Wand              ||     2
  Use: Potion            ||     4
